 Dungeon Crawl Stone Soup version 0.29-a0-275-g389c0b56f3 (webtiles) character file.

Game seed: 12569401389912720062

2277 Ajdolov the Quickloader (level 9, 0/71 HPs)
             Began as a Formicid Hunter on Mar 12, 2022.
             Was an Initiate of Fedhas.
             Slain by a troll (6 damage)
             ... on level 6 of the Dungeon.
             The game lasted 00:12:42 (10581 turns).

Ajdolov the Quickloader (Formicid Hunter)          Turns: 10581, Time: 00:12:43

Health: 0/71       AC:  4    Str: 18    XL:     9   Next: 66%
Magic:  0/12       EV: 12    Int: 10    God:    Fedhas [......]
Gold:   451        SH:  0    Dex: 15    Spells: 8/8 levels left

rFire   + . .      SeeInvis +   b - +2 whip (venom)
rCold   + . .      Faith    .   (no shield)
rNeg    . . .      Spirit   +   e - +0 leather armour
rPois   +          Reflect  .   (helmet unavailable)
rElec   +          Harm     .   (no cloak)
rCorr   .          Rampage  .   y - +0 pair of gloves
Will    .....                   (no boots)
Stlth   +++.......              u - amulet of guardian spirit
HPRegen 0.21/turn               g - ring of poison resistance
MPRegen 0.13/turn               v - ring "Kuesmuc" {rElec rF+ rC+}

@: mighty
A: permanent stasis, dig shafts and tunnels, antennae 3, four strong arms
a: Dig, Shaft Self, Renounce Religion


You were on level 6 of the Dungeon.
You worshipped Fedhas.
Fedhas was noncommittal.
You visited 2 branches of the dungeon, and saw 7 of its levels.

You collected 451 gold pieces.

Inventory:

Hand Weapons
 a - a +1 hand crossbow of freezing
 b - a +2 whip of venom (weapon)
Armour
 e - a +0 leather armour (worn)
 y - a +0 pair of gloves (worn)
Jewellery
 g - a ring of poison resistance (left hand)
 i - a ring of protection from fire
 q - a ring of positive energy
 r - a ring of resist corrosion
 u - an amulet of guardian spirit (around neck)
 v - the ring "Kuesmuc" (right hand) {rElec rF+ rC+}
   (You found it on level 6 of the Dungeon)

   [ring of protection from fire]

   rF:        It protects you from fire.
   rC:        It protects you from cold.
   rElec:     It insulates you from electricity.
Scrolls
 c - 2 scrolls of immolation
 d - a scroll of holy word {unknown}
 j - a scroll of blinking {unknown}
 m - a scroll of acquirement {unknown}
 p - a scroll of enchant armour {unknown}
 s - a scroll of identify
Potions
 h - a potion of resistance
 k - 3 potions of curing
 l - a potion of lignification
 n - a potion of ambrosia
 o - a potion of cancellation
 t - a potion of haste {unknown}
 w - a potion of invisibility {unknown}
 x - a potion of attraction {unknown}
 z - a potion of flight {unknown}


   Skills:
 + Level 6.4 Fighting
 - Level 10.0 Crossbows
 - Level 1.5 Armour
 - Level 1.7 Dodging
 + Level 5.9 Stealth
 * Level 4.1 Invocations


You had 8 spell levels left.
You didn't know any spells.
Your spell library contained the following spells:

 Spells                   Type           Power      Damage    Failure   Level
 Animate Skeleton         Necr           0%         N/A       41%         1
 Apportation              Tloc           0%         N/A       41%         1
 Slow                     Hex            0%         N/A       41%         1
 Summon Small Mammal      Summ           0%         N/A       41%         1
 Confusing Touch          Hex            0%         N/A       80%         3
 Vampiric Draining        Necr           0%         2d6       80%         3
 Yara's Violent Unravell  Hex/Tmut       0%         3d3       100%        5
 Enfeeble                 Hex            0%         N/A       100%        7


Dungeon Overview and Level Annotations

Branches:
Dungeon (6/15)             Temple (1/1) D:6

Altars:
Dithmenos
Elyvilon
Fedhas
Kikubaaqudgha
Nemelex Xobeh
Okawaru
Qazlal
Ru
Sif Muna
Trog
Wu Jian
Xom
Zin

Shops:
D:2 (   D:6 *

Annotations:
D:4 1 runed translucent door, Crazy Yiuf
D:5 3 runed translucent doors, Setanta's ghost, novice GnFi


Innate Abilities, Weirdness & Mutations

You cannot be hasted, slowed, berserked, paralysed or teleported.
You can dig through walls and to a lower floor.
You have a pair of large antennae on your head. (SInv)
Your four strong arms can wield two-handed weapons with a shield.


Message History

A troll comes into view.
The troll shouts!
You shoot a bolt. The bolt hits the troll.
The bolt freezes the troll.
The troll is lightly wounded.
You shoot a bolt. The bolt closely misses the troll.
You shoot a bolt. The bolt closely misses the troll.
You shoot a bolt. The bolt barely misses the troll.
You shoot a bolt. The bolt hits the troll.
The bolt freezes the troll.
The troll is lightly wounded.
You aren't carrying any items that you can evoke.
A troll is nearby!
Unknown command.
You feel very mighty all of a sudden. The troll bites you!
The troll barely misses you. x2
Your +1 hand crossbow of freezing stops glowing.
Your +2 whip of venom begins to drip with poison!
b - a +2 whip of venom (weapon)
The troll completely misses you. The troll closely misses you.
The troll barely misses you.
You barely miss the troll.
The troll is lightly wounded.
The troll bites you. The troll claws you! The troll barely misses you.
You whack the troll!
The troll is poisoned.
Your punch misses the troll.
The troll is moderately wounded.
The troll barely misses you. x2; The troll claws you!
You barely miss the troll.
The troll is moderately wounded.
The troll bites you! The troll barely misses you.
The troll claws you but does no damage.
You barely miss the troll.
The troll is moderately wounded.
The troll bites you. The troll misses you. The troll claws you!
* * * LOW HITPOINT WARNING * * *
You whack the troll!
The troll looks as sick as possible!
You punch the troll.
The troll is severely wounded.
The troll bites you!
* * * LOW HITPOINT WARNING * * *
The troll claws you.
You die...
Fedhas appreciates your contribution to the ecosystem.

........########.....#
....###..............#
.8.## #.########.....#
).## #.#............#
.## ###.#.#####.#.####
.# #.....#<.)#.#.# .#
#.....###.#.#.# ##
#.........#.#.######
#....######.@....... #
###..........T...... #
#.########........
#######..........)......
.##......#######........
.##......# #........
.##......# #..=.....
..#......# #........
..#......#


You could see a troll (extremely poisoned).

Vanquished Creatures
  A troll (D:5)
  Grinder (D:5)
  A hornet (D:5)
  A black bear (D:5)
  An ogre (D:4)
  7 centaurs
  2 phantoms
  A bullfrog (D:4)
  2 scorpions (D:5)
  A hound (D:4)
  3 jellies
  An orc priest (D:3)
  7 iguanas
  3 orc wizards
  2 adders (D:2)
  5 gnolls
  A white imp (D:6)
  2 ufetubi
  2 worms
  5 dart slugs
  17 orcs
  An endoplasm (D:2)
  8 giant cockroaches
  5 goblins
  6 hobgoblins
  5 kobolds
  2 quokkas
  4 ball pythons
  9 bats
  4 frilled lizards (D:1)
  7 rats
117 creatures vanquished.

Vanquished Creatures (others)
  5 demonic plants (D:2)
  14 fungi
  6 plants (D:2)
  5 withered plants (D:2)
30 creatures vanquished.

Grand Total: 147 creatures vanquished

Notes
Turn   | Place    | Note
-------+----------+-------------------------------------------
     0 | D:1      | Ajdolov the Formicid Hunter began the quest for the Orb.
     0 | D:1      | Reached XP level 1. HP: 16/16 MP: 1/1
   112 | D:1      | Reached XP level 2. HP: 20/22 MP: 2/2
   419 | D:1      | Reached XP level 3. HP: 27/27 MP: 3/3
  1452 | D:2      | Found Zimpec's Weapon Shop.
  1461 | D:2      | Found a faded altar of an unknown god.
  1494 | D:2      | Reached XP level 4. HP: 29/33 MP: 4/4
  2174 | D:3      | Reached skill level 5 in Crossbows
  2174 | D:3      | Reached XP level 5. HP: 4/38 MP: 5/5
  2738 | D:3      | Found a stormy altar of Qazlal.
  2739 | D:3      | Found an ancient bone altar of Kikubaaqudgha.
  3942 | D:4      | Reached XP level 6. HP: 9/47 MP: 6/6
  5037 | D:4      | Reached skill level 6 in Crossbows
  5092 | D:4      | Reached XP level 7. HP: 54/54 MP: 7/7
  5788 | D:4      | Reached skill level 5 in Fighting
  6175 | D:4      | Found a runed translucent door.
  6176 | D:4      | Noticed Crazy Yiuf
  6309 | D:5      | Entered Level 5 of the Dungeon
  6420 | D:5      | Reached skill level 7 in Crossbows
  6626 | D:5      | Reached XP level 8. HP: 62/62 MP: 8/8
  6652 | D:5      | Noticed a troll
  6662 | D:5      | HP: 1/62 [troll (5)]
  6667 | D:5      | Killed a troll
  6668 | D:5      | Reached skill level 8 in Crossbows
  6974 | D:5      | Found a shimmering blue altar of Sif Muna.
  7135 | D:5      | Found a sparkling altar of Nemelex Xobeh.
  7503 | D:5      | Reached skill level 9 in Crossbows
  7557 | D:5      | Noticed a hornet
  7570 | D:5      | Killed a hornet
  7951 | D:5      | Reached XP level 9. HP: 68/68 MP: 9/9
  8069 | D:5      | Found a runed translucent gate.
  8070 | D:5      | Found a runed translucent gate.
  8071 | D:5      | Found a runed translucent gate.
  8072 | D:5      | Noticed Setanta's ghost (novice GnFi)
  8141 | D:5      | Noticed Grinder
  8148 | D:5      | Killed Grinder
  8149 | D:5      | Reached skill level 10 in Crossbows
  8149 | D:5      | Reached skill level 1 in Armour
  8326 | D:6      | Identified the ring "Kuesmuc" {rElec rF+ rC+}
  8355 | D:6      | Found a staircase to the Ecumenical Temple.
  8391 | Temple   | Entered the Ecumenical Temple
  8402 | Temple   | Became a worshipper of Fedhas Madash
  8762 | D:6      | Reached skill level 5 in Stealth
  8762 | D:6      | Reached skill level 1 in Invocations
 10425 | D:6      | Found Caocivi's Mayhem Merchandise.
 10569 | D:6      | Noticed a troll
 10581 | D:6      | Slain by a troll

Illustrated notes

Levels and vault maps discovered:
D:1:      minmay_arrival_wavy_path, layout_basic, roderic_lattice_a
D:2:      layout_loops_ring, shapermc_ecumenical_altar_gd, serial_shops, shop
D:3:      layout_basic, gammafunk_temple_overflow_statue, serial_glass,
          glass_columns_a, glass_columns_a, glass_columns_a, glass_columns_a
D:4:      layout_basic, uniq_crazy_yiuf_cottage
D:5:      layout_basic, mainiacjoe_overflow_small_starburst, lemuel_round_altar,
          gammafunk_ghost_nasty_kobolds, uniq_grinder
D:6:      layout_basic, minmay_temple_entry_statues, minmay_shop_mayhem,
          wad_floor_pattern_untrapped, centaur_isle
Temple:   cyrus_circular_temple

Skill      XL: |  1  2  3  4  5  6  7  8  9 |
---------------+----------------------------+-----
Stealth        | 2 3 4 5 |  5.9
Crossbows      | 5 6 7 9 10 | 10.0
Fighting       | 3 4 5 6 |  6.4
Armour         | 1 |  1.5
Invocations    | 4 |  4.1
Dodging        | |  1.7

Action                   |  1- 3 |  4- 6 |  7- 9 || total
-------------------------+-------+-------+-------++-------
Melee: Whip              |    65 |   112 |    92 ||   269
       Punch             |     2 |       |     3 ||     5
 Fire: Hand crossbow     |    14 |    25 |   210 ||   249
  Use: Potion            |       |     1 |     4 ||     5
       Scroll            |       |     9 |     4 ||    13
 Stab: Sleeping          |     6 |     5 |       ||    11
Armor: Leather armour    |    18 |    29 |    21 ||    68
Dodge: Dodged            |    42 |    56 |   110 ||   208

Table legend: (Time is in decaauts)
 A = Elapsed time spent in this place.
 B = Non-inter-level travel time spent in this place.
 C = Inter-level travel time spent in this place.
 D = Time resting spent in this place.
 E = Time spent auto-exploring this place.
 F = Levels seen in this place.
 G = Mean time per level.
                   A        B        C        D        E       F      G
               +--------+--------+--------+--------+--------+-----+--------+
         Total |  10614 |  10238 |    376 |   3862 |   4933 |   7 | 1516.3 |
       Dungeon |  10594 |  10225 |    369 |   3862 |   4931 |   6 | 1765.7 |
        Temple |     19 |     12 |      7 |      0 |      2 |   1 |   19.0 |
               +--------+--------+--------+--------+--------+-----+--------+

Top non-repeatable levels by time:
     D:3: 2457 daAuts
     D:6: 2258 daAuts
     D:5: 1931 daAuts
     D:4: 1907 daAuts
     D:1: 1164 daAuts
     D:2: 874 daAuts
  Temple: 19 daAuts
